 Dungeon Sprint DCSS version 0.28.0-43-g3370ac3207 (webtiles) character file.

Game seed: 3404266353293163188

25272 boopmooplesden the Executioner (level 12, -1/128 HPs)
             Began as a Minotaur Berserker on Mar 10, 2022.
             Was the Champion of Trog.
             Succumbed to poison (dark miasma)
             ... in the Dungeon (Sprint II: "The Violet Keep of Menkaure").
             The game lasted 00:13:36 (4071 turns).

boopmooplesden the Executioner (Minotaur Berserker) Turns: 4071, Time: 00:13:37

Health: -1/128     AC: 29    Str: 25    XL:     12   Next: 88%
Magic:  11/11      EV:  9    Int:  4    God:    Trog [******]
Gold:   1383       SH:  5    Dex: 10    Spells: 11/11 levels left

rFire   + + +      SeeInvis .   e - +0 executioner's axe (flame)
rCold   + + .      Faith    .   (shield currently unavailable)
rNeg    . . .      Spirit   .   s - +0 gold dragon scales
rPois   +          Reflect  +   y - +2 hat {Will+}
rElec   +          Harm     .   (no cloak)
rCorr   +          Rampage  +   w - +1 pair of gloves
Will    ++...      Rage     1%  k - +0 pair of boots {rampage}
Stlth   .......... NoTele   +   z - amulet of reflection
HPRegen 0.31/turn               E - ring "Otilezxe" {rPois Will+ Stlth+}
MPRegen 0.12/turn               p - ring of protection from fire

@: lethally poisoned (-1 -> -31), resistant, flying, slowed, very slow
A: horns 2, retaliatory headbutt, berserk 1, clumsy 1, frail 1
a: Renounce Religion, Berserk, Trog's Hand, Brothers in Arms


You were in the Dungeon.
You worshipped Trog.
Trog was exalted by your worship.
You visited 1 branch You collected 2732 gold pieces.
You spent 1349 gold pieces at shops.

Inventory:

Hand Weapons
 a - a +0 hand axe
 e - a +0 executioner's axe of flaming (weapon)
 t - a +3 battleaxe
 v - a +4 broad axe
 x - a +3 battleaxe of flaming
 F - the +5 falchion of Vunioc {venom, +Blink rN++ Will+ Int-3}
   (You found it in the Dungeon)

   It poisons the flesh of those it strikes.
   Int:       It affects your intelligence (-3).
   rN:        It greatly protects you from negative energy.
   +Blink:    It lets you blink.
   Will:      It increases your willpower.
 G - a +2 antimagic executioner's axe
Armour
 b - a +0 animal skin
 d - +0 storm dragon scales
 j - the +5 plate armour "Codo" {Dex+2 Slay+2}
   (You bought it in a shop in the Dungeon)

   Dex:       It affects your dexterity (+2).
   Slay:      It affects your accuracy & damage with ranged weapons and melee
   (+2).
 k - a +0 pair of boots of rampaging (worn)
 s - +0 gold dragon scales (worn)
 w - a +1 pair of gloves (worn)
 y - a +2 hat of willpower (worn)
Jewellery
 l - a ring of protection from cold
 p - a ring of protection from fire (right hand)
 z - an amulet of reflection (around neck)
 B - a ring of resist corrosion
 C - an amulet of the acrobat
 D - a +4 ring of slaying
 E - the ring "Otilezxe" (left hand) {rPois Will+ Stlth+}
   (You found it in the Dungeon)

   [ring of willpower]

   rPois:     It protects you from poison.
   Will:      It increases your willpower.
   Stlth:     It makes you more stealthy.
Scrolls
 h - 3 scrolls of blinking
 i - a scroll of brand weapon {unknown}
 r - a scroll of vulnerability
 A - 4 scrolls of acquirement {unknown}
Potions
 c - 2 potions of curing
 f - 23 potions of magic
 g - a potion of berserk rage
 m - a potion of attraction
 n - 2 potions of lignification
 o - 2 potions of resistance
 q - 2 potions of cancellation
 u - 3 potions of flight


   Skills:
 + Level 23.6 Fighting
 + Level 23.7 Axes
 + Level 19.4 Armour
 + Level 10.0 Dodging
 + Level 1.7 Stealth
 + Level 1.1 Shields


You had 11 spell levels left.
You didn't know any spells.
Your spell library was empty.

Dungeon Overview and Level Annotations

Branches:
Dungeon (1/1)

Altars:
Cheibriados
Dithmenos
Elyvilon
Fedhas
Gozag
Hepliaklqana
Kikubaaqudgha
Makhleb
Nemelex Xobeh
Okawaru
Qazlal
Ru
Sif Muna
Trog
Uskayaw
Vehumet
Wu Jian
Xom
Yredelemnul
Zin
The Shining One
Beogh
Jiyva
Lugonu

Shops:
D [:[::=[(=:[*!(??[(:*!:[(?*?!=!:

Annotations:
D exclusions: obsidian statue and oklob plant


Innate Abilities, Weirdness & Mutations

You have a pair of horns on your head.
You reflexively headbutt those who attack you in melee.
You tend to lose your temper in combat.
You are clumsy. (Dex -2)
You are frail. (-10% HP)


Message History

You feel protected.
You feel very buoyant.
You fly up into the air.
Really fly into a travel-excluded area? [Y]es or [N]o only, please.
Really fly into a travel-excluded area? [Y]es or [N]o only, please.
Really fly into a travel-excluded area?
You see here a phial of floods.
This door is marked as excluded!
Open it anyway?
You reach down and open the door.
There is an open door here.
You are engulfed in dark miasma.
You are poisoned.
You feel yourself slow down.
You feel extremely sick.
You are engulfed in dark miasma.
You feel extremely sick.
You are engulfed in dark miasma.
You feel very sick.
You are engulfed in dark miasma.
You feel very sick.
You are engulfed in dark miasma.
You are more poisoned.
You feel as though you will be slow longer.
You recover from your berserk rage.
You feel very sick.
You feel very sick.
You feel very sick.
You are engulfed in dark miasma.
You are more poisoned.
You feel extremely sick.
You reach down and open the door.
You are engulfed in dark miasma.
You are lethally poisoned!
* * * LOW HITPOINT WARNING * * *
You feel extremely sick.
* * * LOW HITPOINT WARNING * * *
You feel extremely sick.
There is an open door here.
You die...

._.#≈≈≈≈≈≈#§.#,,*≈*
_._#≈§§≈≈≈▓.§#,,*≈#
...#≈≈≈§▓▓▓▓▓▓▓▓▓≈#
####≈≈§≈▓...≈≈≈≈≈≈#
≈≈≈§≈≈≈≈▓z..≈≈≈≈≈≈#
####≈▓▓▓▓▓▓▓▓▓≈≈≈≈#
[..#▓▓≈°≈.≈≈.▓▓≈≈≈#
)..#▓≈°○°≈≈≈≈§▓▓≈≈#
|})'.≈≈°°°§..§§'@≈#
.)}##≈○≈≈§.○§○#####
[[:###°≈≈≈°°§##
...# ######### ####


There were no monsters in sight!

Vanquished Creatures
  A golden dragon (D)
  A bone dragon (D)
  A kraken (D)
  Gastronok (D)
  Kirke (D)
  A storm dragon (D)
  A frost giant (D)
  A cacodemon (D)
  Nessos (D)
  A dire elephant (D)
  A yaktaur captain (D)
  A deep elf high priest (D)
  A centaur warrior (D)
  3 sixfirhies (D)
  A skeletal warrior (D)
  2 deep trolls (D)
  3 manticores (D)
  3 shining eyes (D)
  An elephant (D)
  3 orc sorcerers (D)
  A merfolk siren (D)
  An ice statue (D)
  A kobold demonologist (D)
  A yaktaur (D)
  3 polar bears (D)
  A hornet (D)
  12 flying skulls (D)
  5 wyverns (D)
  2 redbacks (D)
  A vampire mosquito (D)
  Menkaure (D)
  7 water moccasins (D)
  5 necrophages (D)
  4 lava snakes (D)
  An iron imp (D)
  A jelly (D)
  3 worms (D)
  3 tentacles (D)
82 creatures vanquished.

Vanquished Creatures (others)
  15 tentacles (D)
15 creatures vanquished.

Grand Total: 97 creatures vanquished

Notes
Turn   | Place    | Note
-------+----------+-------------------------------------------
     0 | D        | boopmooplesden the Minotaur Berserker began the quest for
                  | the Orb.
     0 | D        | Reached XP level 1. HP: 19/19 MP: 0/0
     1 | D        | Noticed a wyvern
     1 | D        | Noticed a wyvern
     3 | D        | Killed a wyvern
     4 | D        | Reached XP level 2. HP: 36/36 MP: 1/1
     4 | D        | Reached XP level 3. HP: 41/41 MP: 2/2
     4 | D        | Reached XP level 4. HP: 49/49 MP: 3/3
     4 | D        | Reached XP level 5. HP: 56/56 MP: 4/4
     7 | D        | Killed a wyvern
     8 | D        | Reached skill level 10 in Fighting
     8 | D        | Reached skill level 10 in Axes
     8 | D        | Reached skill level 5 in Armour
     8 | D        | Reached skill level 5 in Dodging
     8 | D        | Reached XP level 6. HP: 66/66 MP: 5/5
    46 | D        | Reached ** piety under Trog
    67 | D        | Reached XP level 7. HP: 42/75 MP: 6/6
   252 | D        | Reached *** piety under Trog
   271 | D        | Noticed a merfolk siren
   285 | D        | Killed a merfolk siren
   285 | D        | Reached **** piety under Trog
   344 | D        | Found Fionisch's Book Emporium.
   344 | D        | Found Viosi's Magic Scroll Emporium.
   344 | D        | Found Taere's Magic Scroll Emporium.
   344 | D        | Found Xehurr's Distillery.
   345 | D        | Found Bakh's Antique Armour Shoppe.
   345 | D        | Found Cecich's Jewellery Emporium.
   345 | D        | Found Kuetum's General Store.
   345 | D        | Found Jikah Irac's Distillery.
   346 | D        | Found Larugiew's Antique Weapon Shoppe.
   346 | D        | Found Semmioni's Distillery.
   346 | D        | Noticed a slime creature
   350 | D        | Noticed a vampire mosquito
   354 | D        | Killed a vampire mosquito
   355 | D        | Reached XP level 8. HP: 88/88 MP: 7/7
   399 | D        | Noticed Menkaure
   399 | D        | Noticed a slime creature
   415 | D        | Killed Menkaure
   418 | D        | Found Feihung's Jewellery Emporium.
   418 | D        | Found Poleyll's Antique Weapon Shoppe.
   418 | D        | Noticed a slime creature
   418 | D        | Noticed an oklob plant
   419 | D        | Found Luchoix's Book Shoppe.
   419 | D        | Found Ter Quro's Book Shoppe.
   419 | D        | Found Suedeqiff's Antique Armour Emporium.
   421 | D        | Noticed an iron elemental
   423 | D        | Noticed a cane toad
   424 | D        | Noticed a cane toad
   425 | D        | Bought a translucent hand axe for 152 gold pieces
   425 | D        | Identified the +2 hand axe of Greed {drain, Fragile Int+9
                  | Stlth+} (You bought it in a shop in the Dungeon)
   429 | D        | Bought a transparent plate armour for 588 gold pieces
   429 | D        | Identified the +5 plate armour "Codo" {Dex+2 Slay+2} (You
                  | bought it in a shop in the Dungeon)
   441 | D        | Bought a pair of runed boots for 157 gold pieces
   467 | D        | Found an opulent altar of Gozag.
   468 | D        | Found a blossoming altar of Fedhas.
   468 | D        | Found a sparkling altar of Nemelex Xobeh.
   469 | D        | Found a white marble altar of Elyvilon.
   469 | D        | Found a burning altar of Makhleb.
   470 | D        | Found a shadowy altar of Dithmenos.
   470 | D        | Found a corrupted altar of Lugonu.
   471 | D        | Found a snail-covered altar of Cheibriados.
   471 | D        | Found an ancient bone altar of Kikubaaqudgha.
   471 | D        | Found a bloodstained altar of Trog.
   472 | D        | Found a viscous altar of Jiyva.
   472 | D        | Found a shimmering blue altar of Sif Muna.
   473 | D        | Found a hazy altar of Hepliaklqana.
   473 | D        | Found a sacrificial altar of Ru.
   474 | D        | Found a stormy altar of Qazlal.
   474 | D        | Found an ornate altar of the Wu Jian Council.
   474 | D        | Found a shimmering altar of Xom.
   474 | D        | Noticed a polar bear
   475 | D        | Noticed a yaktaur
   475 | D        | Noticed a hornet
   475 | D        | Noticed a polar bear
   475 | D        | Noticed a polar bear
   478 | D        | Killed a polar bear
   478 | D        | Reached ***** piety under Trog
   480 | D        | Killed a hornet
   485 | D        | Killed a polar bear
   485 | D        | Killed a yaktaur
   486 | D        | Reached skill level 15 in Fighting
   486 | D        | Reached skill level 15 in Axes
   486 | D        | Reached XP level 9. HP: 100/100 MP: 8/8
   489 | D        | Killed a polar bear
   503 | D        | Noticed a kraken
   511 | D        | Received a gift from Trog
  1139 | D        | Found a glowing golden altar of the Shining One.
  1139 | D        | Found a basalt altar of Yredelemnul.
  1139 | D        | Found a hide-covered altar of Uskayaw.
  1140 | D        | Found a glowing silver altar of Zin.
  1140 | D        | Found a radiant altar of Vehumet.
  1150 | D        | Found an iron altar of Okawaru.
  1176 | D        | Noticed a deep troll
  1176 | D        | Noticed a deep troll
  1185 | D        | Killed a deep troll
  1189 | D        | Killed a deep troll
  1353 | D        | Noticed an obsidian statue
  1365 | D        | Noticed an ice statue
  1531 | D        | Bought a ring of protection from fire for 325 gold pieces
  1635 | D        | Killed a kraken
  1636 | D        | Reached XP level 10. HP: 98/112 MP: 9/9
  1822 | D        | Noticed Kirke
  1822 | D        | Noticed a yaktaur captain
  1839 | D        | Killed a yaktaur captain
  1839 | D        | Received a gift from Trog
  1845 | D        | Noticed a sphinx
  1846 | D        | Killed Kirke
  1851 | D        | Reached skill level 1 in Stealth
  1852 | D        | Noticed a centaur warrior
  1852 | D        | Noticed a skeletal warrior
  1864 | D        | Killed a centaur warrior
  1900 | D        | Noticed an elephant
  1906 | D        | Killed an elephant
  1907 | D        | Reached XP level 11. HP: 113/123 MP: 10/10
  1914 | D        | Killed a skeletal warrior
  1934 | D        | Reached ****** piety under Trog
  1961 | D        | Noticed a shining eye
  1961 | D        | Noticed a shining eye
  1961 | D        | Gained mutation: You tend to lose your temper in combat. [a
                  | shining eye]
  1962 | D        | Noticed a shining eye
  1965 | D        | Killed a shining eye
  1966 | D        | Reached skill level 10 in Dodging
  1966 | D        | Killed a shining eye
  1966 | D        | Gained mutation: You are clumsy. (Dex -2) [a shining eye]
  1970 | D        | Killed a shining eye
  1971 | D        | Received a gift from Trog
  1973 | D        | Reached skill level 15 in Armour
  2091 | D        | Found Tonino's Antique Armour Emporium.
  2091 | D        | Found Ethoe's Jewellery Shop.
  2091 | D        | Found Riotaeg's Book Shop.
  2091 | D        | Found Muipilla's Antique Armour Shoppe.
  2091 | D        | Found Irheunie's Assorted Antiques.
  2092 | D        | Found Bieg's Antique Armour Shoppe.
  2092 | D        | Found Popnamp's Magic Scroll Boutique.
  2092 | D        | Found Vajit's Book Emporium.
  2092 | D        | Found Jeuba's Armour Shop.
  2092 | D        | Found Coumyp's Magic Scroll Emporium.
  2092 | D        | Found Veasimun's Assorted Antiques.
  2092 | D        | Found Paty's Antique Weapon Shoppe.
  2094 | D        | Bought a pair of glowing gloves for 127 gold pieces
  2132 | D        | Noticed a golden dragon
  2132 | D        | Noticed a cacodemon
  2133 | D        | Noticed a bone dragon
  2147 | D        | Killed a cacodemon
  2156 | D        | Killed a golden dragon
  2328 | D        | Killed a bone dragon
  2328 | D        | Noticed a frost giant
  2329 | D        | Reached XP level 12. HP: 137/137 MP: 11/11
  2331 | D        | Killed a frost giant
  2331 | D        | Received a gift from Trog
  2454 | D        | Noticed a storm dragon
  2456 | D        | Gained mutation: You are frail. (-10% HP) [a neqoxec]
  2463 | D        | Killed a storm dragon
  2465 | D        | Noticed a deep elf high priest
  2486 | D        | Killed a deep elf high priest
  3196 | D        | Received a gift from Trog
  3227 | D        | Found Baekic's Book Shoppe.
  3228 | D        | Found Iboamu's Distillery.
  3234 | D        | Found the amulet of Vitality {Regen+ HP+15}
  3540 | D        | Noticed Gastronok
  3546 | D        | Killed Gastronok
  3546 | D        | Received a gift from Trog
  3785 | D        | Noticed a dire elephant
  3789 | D        | Killed a dire elephant
  3796 | D        | Received a gift from Trog
  3868 | D        | Identified the ring "Otilezxe" {rPois Will+ Stlth+}
  3874 | D        | Identified the +9 trident "Koalix" {vorpal, rC+ Will+}
  3909 | D        | Identified the +8 spear of Ashenzari's Hope {vorpal, rPois
                  | rF+ Dex-3 Stlth+}
  3914 | D        | Found Sogoawk's Antique Weapon Emporium.
  3916 | D        | Found Vehajoh's Book Shoppe.
  3918 | D        | Noticed Nessos
  3926 | D        | Killed Nessos
  3935 | D        | Identified the +5 falchion of Vunioc {venom, +Blink rN++
                  | Will+ Int-3}
  3998 | D        | Received a gift from Trog
  4020 | D        | Reached skill level 1 in Shields
  4029 | D        | Received a gift from Trog
  4071 | D        | Succumbed to poison (dark miasma)

Illustrated notes

Levels and vault maps discovered:
D:        the_violet_keep_of_menkaure [sprint2_stairs_cluster_1,
          sprint2_shoproom, sprint2_temple, sprint2_basic_supplies,
          sprint2_obstacle_2, sprint2_obstacle_5, sprint2_obstacle_3,
          sprint2_obstacle_7, sprint2_obstacle_1, sprint2_timed_cluster_1,
          sprint2_smallroom_cluster_1, sprint2_smallroom_final_cluster_1,
          sprint2_transparent_cluster_1, sprint2_second_timed_cluster_1,
          sprint2_sniper_area_1, sprint2_heavy_combat_area_1,
          sprint2_mutation_trap_area_1, sprint2_forest_area_1,
          sprint2_light_combat_area_1, sprint2_behind_water_1,
          sprint2_near_end_vault_1]

Skill      XL: |  1  2  3  4  5  6  7  8  9 10 11 12 |
---------------+-------------------------------------+-----
Fighting       | 8 10 11 13 15 18 19 21 23 | 23.6
Axes           | 8 10 12 14 15 17 19 21 23 | 23.7
Armour         | 4 5 6 7 8 11 13 16 19 | 19.4
Dodging        | 4 5 7 8 9 10 | 10.0
Stealth        | 1 |  1.7
Shields        | 1 |  1.1

Action                   |  1- 3 |  4- 6 |  7- 9 | 10-12 || total
-------------------------+-------+-------+-------+-------++-------
Melee: Hand axe          |     1 |    32 |   100 |    24 ||   157
       Headbutt          |     1 |     4 |    21 |    47 ||    73
       Punch             |       |       |     1 |     1 ||     2
       Battleaxe         |       |       |       |   126 ||   126
       Executioner's axe |       |       |       |    57 ||    57
Invok: Berserk           |     1 |       |     4 |     7 ||    12
  Use: Scroll            |       |       |     9 |       ||     9
       Potion            |       |       |     2 |     7 ||     9
Armor: Animal skin       |       |     4 |     1 |       ||     5
       Plate armour      |       |       |    39 |       ||    39
       Gold dragon scale |       |       |     9 |   105 ||   114
Dodge: Dodged            |       |    12 |    33 |    72 ||   117
Block: Other             |       |       |       |     8 ||     8
       Reflection        |       |       |       |     4 ||     4
